 Dungeon Crawl Stone Soup version 0.22-a0-580-gd5db89c (webtiles) character file.

8617 Hebeh the Cleaver (level 11, -4/97 HPs)
             Began as a Minotaur Fighter on July 2, 2018.
             Was a Believer of Trog.
             Slain by a nine-headed hydra (7 damage)
             ... on level 9 of the Dungeon on July 3, 2018.
             The game lasted 00:54:22 (11489 turns).

Hebeh the Cleaver (Minotaur Fighter)               Turns: 11489, Time: 00:54:23

Health: -4/97      AC: 19    Str: 30    XL:     11   Next: 12%
Magic:  12/12      EV:  7    Int:  5    God:    Trog [**....]
Gold:   436        SH: 12    Dex: 11    Spells: 10/10 levels left

rFire    + . .     SeeInvis .   H - +5 spear
rCold    . . .     Gourm    .   c - +0 shield
rNeg     . . .     Faith    .   k - +0 plate armour
rPois    .         Spirit   .   (helmet restricted)
rElec    .         Reflect  .   B - +0 cloak
rCorr    .         Harm     .   (no gloves)
MR       +....                  h - +2 pair of boots
Stlth    ..........             (no amulet)
HPRegen  0.26/turn              F - ring "Sotaegun" {rF+ Str+7}
MPRegen  0.13/turn              o - ring of protection from magic

@: no status effects
A: retaliatory headbutt, horns 2
a: Berserk, Trog's Hand, Renounce Religion


You were on level 9 of the Dungeon.
You worshipped Trog.
Trog was pleased with you.
You were not hungry.

You visited 2 branches of the dungeon, and saw 11 of its levels.
You also visited: Sewer.

You collected 540 gold pieces.
You spent 104 gold pieces at shops.

Inventory:

Hand Weapons
 a - a +1 war axe
 b - the +4 hunting sling of Spores {flame, Int+5}
   (You bought it in a shop on level 5 of the Dungeon)

   It causes projectiles fired from it to burn those they strike, causing extra
   injury to most foes and up to half again as much damage against particularly
   susceptible opponents.
   It affects your intelligence (+5).
 A - a +0 hand axe of chopping
 H - a +5 spear (weapon)
Missiles
 s - 6 steel tomahawks (quivered)
 v - 61 sling bullets
Armour
 c - a +0 shield (worn)
 h - a +2 pair of boots (worn)
 k - a +0 plate armour (worn)
 B - a +0 cloak (worn)
 J - a +2 shield
Jewellery
 j - an uncursed ring of protection from fire
 o - a ring of protection from magic (right hand)
 D - an uncursed ring of flight
 F - the ring "Sotaegun" (left hand) {rF+ Str+7}
   (You found it on level 5 of the Dungeon)

   [ring of protection from fire]

   It affects your strength (+7).
   It protects you from fire.
Wands
 y - a wand of acid (7)
 N - a wand of paralysis (8)
Scrolls
 e - 7 scrolls of remove curse
 i - 2 scrolls of identify
 m - a scroll of enchant armour
 r - 4 scrolls of teleportation
 t - 3 scrolls of enchant weapon
 w - a scroll of immolation
 x - a scroll of noise {unknown}
 E - 4 scrolls of magic mapping
Potions
 d - 2 potions of might
 l - a potion of resistance
 n - a potion of cancellation
 p - 4 potions of flight
 q - 8 potions of curing
 u - 3 potions of haste
 z - 2 potions of lignification
 G - a potion of ambrosia
 I - a potion of berserk rage {unknown}
Comestibles
 f - 18 rations


   Skills:
 + Level 9.5 Fighting
 * Level 12.0 Axes
 + Level 4.7 Slings
 + Level 9.4 Armour
 + Level 9.4 Shields
 + Level 3.9 Evocations


You had 10 spell levels left.
You didn't know any spells.
Your spell library was empty.

Dungeon Overview and Level Annotations

Branches:
Dungeon (10/15)            Temple (1/1) D:6
   Lair: D:8-11         Orc: D:9-12

Altars:
Ashenzari
Cheibriados
Dithmenos
Elyvilon
Fedhas
Hepliaklqana
Kikubaaqudgha
Nemelex Xobeh
Okawaru
Qazlal
Ru
Sif Muna
Trog
Uskayaw
Vehumet
Wu Jian
Xom
Zin
The Shining One

Shops:
D:5 *   D:7 :   D:10 [


Innate Abilities, Weirdness & Mutations

You reflexively headbutt those who attack you in melee.
You have a pair of horns on your head.


Message History

The nine-headed hydra bites you! The nine-headed hydra bites you.
* * * LOW HITPOINT WARNING * * *
The nine-headed hydra barely misses you.
The nine-headed hydra bites you but does no damage.
The nine-headed hydra bites you.
* * * LOW HITPOINT WARNING * * *
The nine-headed hydra bites you but does no damage.
You block the nine-headed hydra's attack.
The nine-headed hydra bites you but does no damage. x3
You block the nine-headed hydra's attack.
The nine-headed hydra bites you!
* * * LOW HITPOINT WARNING * * *
You block the nine-headed hydra's attack.
The nine-headed hydra bites you!
* * * LOW HITPOINT WARNING * * *
There is a stone staircase leading down, spattered with blood here.
You can't go up here!
The nine-headed hydra barely misses you.
The nine-headed hydra bites you!
You die...

################.........########
...............#.................
##############.#########.########
#####...........#
#####...#.#.......#####
#..##...#.#......##≈♣≈#
###..##...#.#......#....♣#
#.'..###'##.#......'..../≈
##.#..##...#.'@)....'..)...
###..#####..)#.#.D....'.....≈
#........#..)#.#.####.#..$..#
.........###.#.#.# #.##≈♣♣## ##
..........'..#.#.# ###### #.
..........####.#.# #.
##........## #.#.# #. ##........#
#.#.# #. #..###...###.#.#### #.


You could see a nine-headed hydra.

Vanquished Creatures
  The ghost of kirsanium the Blocker, a journeyman FoFi of Uskayaw (D:10)
  2 two-headed ogres
  A hippogriff (D:8)
  Grinder (Sewer)
  12 yaks
  Edmund (D:4)
  An acid dragon (D:6)
  2 water moccasins
  Duvessa (D:6)
  2 ice beasts
  An orc warrior (D:9)
  A sky beast (D:5)
  2 phantoms
  A necrophage (D:9)
  6 ogres
  A centaur (D:7)
  2 big kobolds (Sewer)
  4 bullfrogs
  A wyvern zombie (D:6)
  Dowan (D:6)
  9 killer bees
  5 howler monkeys
  A centaur zombie (D:8)
  A quasit (Sewer)
  3 hounds
  4 crimson imps
  3 bullfrog zombies
  A centaur skeleton (D:7)
  2 jellies (D:9)
  7 orc priests
  Crazy Yiuf (D:4)
  A gnoll shaman (D:5)
  A bullfrog skeleton (D:6)
  An iguana (D:6)
  10 orc wizards
  7 worker ants
  A killer bee zombie (D:5)
  A big kobold zombie (Sewer)
  A hound zombie (D:6)
  A worker ant zombie (D:5)
  6 gnolls
  A howler monkey skeleton (D:8)
  10 adders
  5 shadow imps
  2 ufetubi (Sewer)
  An ooze (D:3)
  An adder skeleton (D:5)
  6 worms
  3 dart slugs
  3 leopard geckos
  38 orcs
  6 bats
  9 giant cockroaches
  5 goblins
  5 hobgoblins (D:3)
  10 jackals
  5 quokkas
  3 ball pythons
  A ball python skeleton (D:3)
  7 frilled lizards
  A giant cockroach zombie (Sewer)
  26 kobolds
  10 rats
269 creatures vanquished.

Vanquished Creatures (others)
  A crimson imp (D:8)
  3 plants (D:9)
4 creatures vanquished.

Grand Total: 273 creatures vanquished

Notes
Turn   | Place    | Note
-------+----------+-------------------------------------------
     0 | D:1      | Hebeh the Minotaur Fighter began the quest for the Orb.
     0 | D:1      | Reached XP level 1. HP: 19/19 MP: 0/0
    83 | D:1      | Reached XP level 2. HP: 27/27 MP: 1/1
   238 | D:1      | Reached skill level 3 in Axes
   463 | D:2      | Reached XP level 3. HP: 24/33 MP: 2/2
   627 | D:2      | Found a shimmering altar of Xom.
  1053 | D:2      | Found a hazy altar of Hepliaklqana.
  1061 | D:2      | Reached XP level 4. HP: 40/40 MP: 3/3
  1201 | D:2      | Reached skill level 4 in Axes
  1615 | D:3      | Found a shadowy altar of Dithmenos.
  1624 | D:3      | Reached XP level 5. HP: 47/47 MP: 4/4
  2356 | D:4      | Found a shattered altar of Ashenzari.
  2379 | D:4      | Found a runed door.
  2578 | D:4      | Noticed Edmund
  2580 | D:4      | Found a radiant altar of Vehumet.
  2631 | D:4      | Found a hide-covered altar of Uskayaw.
  2855 | D:4      | Found an iron altar of Okawaru.
  2861 | D:4      | Killed Edmund
  2861 | D:4      | Reached skill level 5 in Axes
  2955 | D:4      | Reached XP level 6. HP: 55/55 MP: 5/5
  3023 | D:4      | Reached skill level 5 in Fighting
  3144 | D:4      | Reached skill level 5 in Armour
  3144 | D:4      | Reached skill level 5 in Shields
  3286 | D:4      | Noticed Crazy Yiuf
  3293 | D:4      | Killed Crazy Yiuf
  3356 | D:5      | Entered Level 5 of the Dungeon
  3587 | D:5      | Reached skill level 6 in Axes
  3587 | D:5      | Reached XP level 7. HP: 61/61 MP: 6/6
  4015 | D:5      | Reached skill level 7 in Axes
  4017 | D:5      | Found a glowing drain.
  4041 | Sewer    | Entered a sewer
  4201 | Sewer    | Found a burning altar of Makhleb.
  4375 | Sewer    | Reached XP level 8. HP: 63/70 MP: 7/7
  4434 | Sewer    | Noticed Grinder
  4449 | Sewer    | Killed Grinder
  4449 | Sewer    | Reached skill level 8 in Axes
  4664 | D:5      | Found Heaskani's Assorted Antiques.
  4669 | D:5      | Bought a twisted hunting sling for 104 gold pieces
  4669 | D:5      | Identified the +4 hunting sling of Spores {flame, Int+5} (You bought it in a shop on level 5 of the Dungeon)
  4727 | D:5      | Got a pitted wooden ring
  4824 | D:5      | Identified the ring "Sotaegun" {rF+ Str+7} (You found it on level 5 of the Dungeon)
  5151 | D:5      | Found a glowing golden altar of the Shining One.
  5565 | D:6      | Found a staircase to the Ecumenical Temple.
  5576 | Temple   | Entered the Ecumenical Temple
  5620 | Temple   | Became a worshipper of Trog the Wrathful
  5676 | D:6      | Noticed Duvessa
  5687 | D:6      | Noticed Dowan
  5691 | D:6      | Killed Duvessa
  5691 | D:6      | Reached skill level 9 in Axes
  5693 | D:6      | Killed Dowan
  6011 | D:6      | Reached XP level 9. HP: 79/79 MP: 8/8
  6448 | D:6      | Found a glowing golden altar of the Shining One.
  6689 | D:6      | Reached * piety under Trog
  6927 | D:7      | Found Muoq's Book Boutique.
  7359 | D:7      | Reached skill level 10 in Axes
  7359 | D:7      | Reached skill level 1 in Slings
  7459 | D:7      | Reached skill level 1 in Evocations
  8128 | D:8      | Noticed a two-headed ogre
  8146 | D:8      | Killed a two-headed ogre
  8432 | D:8      | Reached XP level 10. HP: 87/90 MP: 10/10
  9449 | D:9      | Noticed a two-headed ogre
  9462 | D:9      | Killed a two-headed ogre
  9462 | D:9      | Reached skill level 11 in Axes
  9632 | D:9      | Reached ** piety under Trog
  9671 | D:9      | Found a sacrificial altar of Ru.
  9671 | D:9      | Found a white marble altar of Elyvilon.
 10056 | D:9      | Found a runed gate.
 10056 | D:9      | Found a runed gate.
 10056 | D:9      | Found a runed gate.
 10059 | D:9      | Noticed kirsanium's ghost (journeyman FoFi)
 10060 | D:9      | Noticed a nine-headed hydra
 10959 | D:10     | Entered Level 10 of the Dungeon
 10995 | D:10     | Reached XP level 11. HP: 46/97 MP: 12/12
 11267 | D:10     | Found Zoplil's Armour Shop.
 11286 | D:10     | Killed kirsanium's ghost
 11286 | D:10     | Reached skill level 12 in Axes
 11488 | D:9      | HP: 3/97 [nine-headed hydra (11)]
 11489 | D:9      | Slain by a nine-headed hydra

Vault maps used:
D:1:      lightli_arrival_lavapool
D:2:      old_standard_altar, marbit_many_paths, first_ration
D:3:      nicolae_dithmenos_shadow_blocks, serial_forest,
          infiniplex_forest_lined_2, infiniplex_forest_corner_2,
          infiniplex_forest_zigzag_2, infiniplex_forest_straight_2,
          infiniplex_forest_clump_curved
D:4:      evilmike_ruin_ashenzari, grunt_temple_overflow_open,
          serial_bayou_pond_a, uniq_crazy_yiuf_cottage, uniq_edmund
D:5:      serial_shops, shop, gup_sewer_entry_glass, minivault_1,
          nicolae_tso_swordbearing_angel
D:6:      cheibrodos_helix_gallery, kennysheep_little_box,
          minmay_temple_entry_hall, kennysheep_pointless_box, uniq_duvessa
D:7:      serial_shops, kennysheep_mini_moat
D:8:      grunt_ogre_cave
D:9:      wad_cavern_with_rooms, gammafunk_temple_overflow_elements,
          gammafunk_ghost_hydra_chop
D:10:     lair_entry_dummy, serial_shops,
          nicolae_shop_temple_entry_statues_fountains,
          nicolae_shop_behind_doors, shop, nicolae_shop_stone, shop
Temple:   nicolae_temple_hex_pool
Sewer:    kennysheep_sewer_church

Skill      XL: |  1  2  3  4  5  6  7  8  9 10 11 |
---------------+----------------------------------+-----
Axes           | 3 4 5 6 7 9 10 11 12 | 12.0
Fighting       | 4 5 6 7 8 9 |  9.5
Armour         | 4 5 6 7 8 9 |  9.4
Shields        | 4 5 6 7 8 9 |  9.4
Slings         | 2 4 |  4.7
Evocations     | 2 3 |  3.9

Action                   |  1- 3 |  4- 6 |  7- 9 | 10-12 || total
-------------------------+-------+-------+-------+-------++-------
Melee: War axe           |    79 |   144 |   331 |   182 ||   736
       Headbutt          |    11 |    27 |    61 |    72 ||   171
       Unarmed           |       |     4 |       |       ||     4
       Spear             |       |       |       |    61 ||    61
 Fire: Hunting sling     |       |       |     8 |       ||     8
Invok: Berserk           |       |       |       |     1 ||     1
       Trog's Hand       |       |       |       |     1 ||     1
  Use: Scroll            |       |     2 |     8 |    12 ||    22
       Potion            |       |     1 |       |     2 ||     3
  Eat: Chunk             |     1 |     4 |     7 |     3 ||    15
       Ration            |       |     1 |     3 |     2 ||     6
Armor: Scale mail        |     7 |       |       |       ||     7
       Plate armour      |    44 |    77 |   230 |   132 ||   483
Dodge: Dodged            |    20 |    23 |    76 |    40 ||   159
Block: Shield            |    45 |    73 |   233 |   150 ||   501

Table legend:
 A = Spawn XP
 B = Non-spawn XP
 C = Spawn XP percentage of total XP
 D = Spawn monster count
 E = Non-spawn monster count
 F = Spawn count percentage of total count
 G = Total turns spent on level
                    A         B        C        D         E        F      G
               +---------+---------+-------+---------+---------+-------+---------
         Total |       0 |   12310 |   0.0 |       0 |     270 |   0.0 | 11489
               +---------+---------+-------+---------+---------+-------+---------
           D:1 |       0 |      30 |   0.0 |       0 |      17 |   0.0 |   447
           D:2 |       0 |     107 |   0.0 |       0 |      18 |   0.0 |   886
           D:3 |       0 |      82 |   0.0 |       0 |      35 |   0.0 |  1161
           D:4 |       0 |     352 |   0.0 |       0 |      18 |   0.0 |   943
           D:5 |       0 |    1076 |   0.0 |       0 |      27 |   0.0 |  1493
           D:6 |       0 |    1275 |   0.0 |       0 |      29 |   0.0 |  1295
           D:7 |       0 |     806 |   0.0 |       0 |      20 |   0.0 |  1061
           D:8 |       0 |    2195 |   0.0 |       0 |      21 |   0.0 |  1310
           D:9 |       0 |    4048 |   0.0 |       0 |      42 |   0.0 |  1961
          D:10 |       0 |    1716 |   0.0 |       0 |       8 |   0.0 |   261
         Sewer |       0 |     623 |   0.0 |       0 |      35 |   0.0 |   596
               +---------+---------+-------+---------+---------+-------+---------
